 Dungeon Crawl Stone Soup version 0.30-a0-852-g08b95dd62f (webtiles) character file.

Game seed: 4421423874322675072

12 Rocko1345 the Slasher (level 2, -1/23 (26) HPs)
             Began as a Gnoll Reaver on Mar 5, 2023.
             Succumbed to a kobold's poison
             ... on level 1 of the Dungeon.
             The game lasted 00:01:51 (244 turns).

Rocko1345 the Slasher (Gnoll Reaver)                 Turns: 244, Time: 00:01:52

HP:   -1/23 (26)    AC:  3    Str: 11    XL:     2   Next: 33%
MP:   7/7           EV: 12    Int: 12    God:
Gold: 25            SH:  0    Dex: 10    Spells: 9/10 levels left

rFire   . . .      SeeInvis .    a - +0 falchion
rCold   . . .      Faith    .    (no shield)
rNeg    . . .      Spirit   .    b - +0 leather armour
rPois   .          Reflect  .    (no helmet)
rElec   .          Rampage  .    (no cloak)
rCorr   .                        (no gloves)
Will    .....                    (no boots)
Stlth   +                        (no amulet)
HPRegen 0.23/turn                (no ring)
MPRegen 0.10/turn                (no ring)

@: lethally poisoned (-1 -> -9), heavily drained
A: fangs 1, strong nose, distributed training
a: no special abilities


You were on level 1 of the Dungeon.
You visited 1 branch of the dungeon, and saw 1 of its levels.

You collected 25 gold pieces.

Inventory:

Hand Weapons
 a - a +0 falchion (weapon)
 i - a +0 dagger of venom
Missiles
 e - 6 javelins (quivered)
Armour
 b - a +0 leather armour (worn)
Scrolls
 c - a scroll of identify {unknown}
 h - 2 scrolls of magic mapping {unknown}
Potions
 d - a potion of attraction {unknown}
 f - a potion of haste {unknown}
 g - a potion of degeneration {unknown}


   Skills:
 + Level 4.5 Fighting
 + Level 0.4 Short Blades
 + Level 6.5 Long Blades
 + Level 0.4 Axes
 + Level 0.4 Maces & Flails
 + Level 0.4 Polearms
 + Level 0.4 Staves
 + Level 0.4 Ranged Weapons
 + Level 0.4 Throwing
 + Level 0.4 Armour
 + Level 4.5 Dodging
 + Level 0.4 Stealth
 + Level 0.4 Shields
 + Level 0.4 Unarmed Combat
 + Level 4.9 Spellcasting
 + Level 5.3 Conjurations
 + Level 0.2 Hexes
 + Level 0.2 Summonings
 + Level 0.2 Necromancy
 + Level 0.2 Translocations
 + Level 0.2 Transmutations
 + Level 0.2 Fire Magic
 + Level 0.2 Ice Magic
 + Level 0.2 Air Magic
 + Level 0.2 Earth Magic
 + Level 0.2 Poison Magic
 + Level 0.5 Invocations
 + Level 0.4 Evocations


You had 9 spell levels left.
You knew the following spells:

 Your Spells              Type           Power      Damage    Failure   Level
a - Kiss of Death         Conj/Necr      36%        2d8       9%          1

Your spell library contained the following spells:

 Spells                   Type           Power      Damage    Failure   Level
 Momentum Strike          Conj/Tloc      18%        3d8       13%         2
 Hailstorm                Conj/Ice       9%         3d4       26%         3
 Lesser Beckoning         Tloc           6%         N/A       34%         2
 Gell's Gravitas          Tloc           3%         N/A       56%         3
 Teleport Other           Tloc           3%         N/A       56%         3


Dungeon Overview and Level Annotations

Branches:
Dungeon (1/15)

Altars:


Innate Abilities, Weirdness & Mutations

You have very sharp teeth.
Your uncanny sense of smell can sniff out nearby items.
Your experience applies equally to all skills.


Message History

The quokka closely misses you. The quokka misses you. x2
You closely miss the quokka. The quokka misses you.
You slash the quokka!
You kill the quokka!
g - a murky blue potion
Found 10 gold pieces.
An endoplasm comes into view.
The endoplasm quivers.
You see here 2 scrolls labelled TUOTADU TUAVAELUMI.
h - 2 scrolls labelled TUOTADU TUAVAELUMI A kobold comes into view.
It is wielding a +0 dagger of venom.
The kobold shouts!
You hear a shout!
The kobold moves out of view.
The endoplasm freezes you.
You are frozen.
You barely miss the endoplasm. You bite the endoplasm.
The endoplasm is moderately wounded.
The endoplasm hits you but does no damage.
You barely miss the endoplasm.
The endoplasm is moderately wounded.
The endoplasm freezes you.
You are frozen.
You slash the endoplasm!
You kill the endoplasm!
The kobold hits you but does no damage.
You are poisoned.
You feel sick. The kobold closely misses you.
You barely miss the kobold.
You feel sick.
The kobold hits you with a +0 dagger of venom.
You are lethally poisoned!
You slash the kobold!
You kill the kobold!
* * * LOW HITPOINT WARNING * * *
You feel very sick.
* * * LOW HITPOINT WARNING * * *
You feel very sick.
You see here a +0 dagger of venom.
i - a +0 dagger of venom You die...

#...# #...#.##
############...#... .
..........##...#..##∆
.. ...........'...+...
..
#......#.###...#..##.##
#......#.# #...#.......
'......#+###...#...#
#...............@..#
#†.................#
#......................
.....#............#####
####.##..............
.###+#######...## .#
#.$... #...... ....#.


There were no monsters in sight!

Vanquished Creatures
  2 endoplasms (D:1)
  4 jackals (D:1)
  2 quokkas (D:1)
  2 kobolds (D:1)
10 creatures vanquished.

Notes
Turn   | Place    | Note
-------+----------+-------------------------------------------
     0 | D:1      | Rocko1345 the Gnoll Reaver began the quest for the Orb.
     0 | D:1      | Reached XP level 1. HP: 20/20 MP: 6/6
   202 | D:1      | Reached XP level 2. HP: 21/21 MP: 7/7
   243 | D:1      | HP: 1/23 [poisoned by a kobold]
   244 | D:1      | Succumbed to a kobold's poison

Illustrated notes

Levels and vault maps discovered:
D:1:      dpeg_arrival_solitude, layout_basic

Action                     || total
---------------------------++-------
  Melee: Falchion          ||    30
         Bite              ||     3
  Throw: Javelin           ||     4
   Cast: Kiss of Death     ||     2
 Armour: Leather armour    ||    21
  Dodge: Dodged            ||    43

Table legend: (Time is in decaauts)
 A = Elapsed time spent in this place.
 B = Non-inter-level travel time spent in this place.
 C = Inter-level travel time spent in this place.
 D = Time resting spent in this place.
 E = Time spent auto-exploring this place.
 F = Levels seen in this place.
 G = Mean time per level.
                   A        B        C        D        E       F      G
               +--------+--------+--------+--------+--------+-----+--------+
         Total |    245 |    245 |      0 |     45 |     49 |   1 |  245.0 |
       Dungeon |    245 |    245 |      0 |     45 |     49 |   1 |  245.0 |
               +--------+--------+--------+--------+--------+-----+--------+

Top non-repeatable levels by time:
     D:1: 245 daAuts
